 Dungeon Crawl Stone Soup version 0.27-a0-652-g2d5cf1dcd3 (webtiles) character file.

Game seed: 475952281445408883

7683 Johnny the Thaumaturge (level 11, -3/72 HPs)
             Began as a Deep Elf Earth Elementalist on Mar 16, 2021.
             Was a Believer of Okawaru.
             Slain by a death yak (21 damage)
             ... on level 10 of the Dungeon.
             The game lasted 00:11:48 (12708 turns).

Johnny the Thaumaturge (DEEE)                      Turns: 12708, Time: 00:11:48

Health: -3/72      AC: 14    Str:  5    XL:     11   Next: 0%
Magic:  11/28      EV:  9    Int: 24    God:    Okawaru [**....]
Gold:   527        SH:  0    Dex: 21    Spells: 19/32 levels left

rFire    . . .     SeeInvis +   s - +4 rapier (venom)
rCold    . . .     Faith    .   (no shield)
rNeg     . . .     Spirit   .   e - +0 swamp dragon scales
rPois    +         Reflect  .   F - +2 helmet {SInv}
rElec    .         Harm     .   (no cloak)
rCorr    .         Rampage  .   l - +0 pair of gloves
Will     +....                  x - +2 pair of boots
Stlth    ++........             o - amulet of magic regeneration
HPRegen  0.22/turn              h - +6 ring of dexterity
MPRegen  0.46/turn              (no ring)

@: no status effects
A: no striking features
a: Renounce Religion, Heroism


You were on level 10 of the Dungeon.
You worshipped Okawaru.
Okawaru was pleased with you.
You visited 2 branches of the dungeon, and saw 11 of its levels.

You collected 527 gold pieces.

Inventory:

Hand Weapons
 s - a +4 rapier of venom (weapon)
Missiles
 b - 269 stones
Armour
 e - +0 swamp dragon scales (worn)
 l - a +0 pair of gloves (worn)
 x - a +2 pair of boots (worn)
 y - a +2 kite shield
 F - a +2 helmet of see invisible (worn)
Magical Staves
 v - a staff of air
Jewellery
 h - a +6 ring of dexterity (right hand)
 o - an amulet of magic regeneration (around neck)
 D - the amulet "Amowata" {Reflect rPois rF- Will+ SH+5}
   (You found it on level 9 of the Dungeon)

   [amulet of reflection]

   It shields you and reflects attacks.
   It makes you vulnerable to fire.
   It protects you from poison.
   It affects your willpower, your defense against some magical effects.
   It affects your SH (+5).
Wands
 q - a wand of digging (3)
 C - a wand of iceblast (7)
Scrolls
 a - 2 scrolls of fear
 d - 2 scrolls of noise {unknown}
 i - 6 scrolls of teleportation
 j - 4 scrolls of random uselessness {unknown}
 p - 3 scrolls of fog {unknown}
 t - 2 scrolls of magic mapping {unknown}
 u - a scroll of vulnerability {unknown}
 w - a scroll of brand weapon {unknown}
Potions
 f - 3 potions of heal wounds
 g - 4 potions of mutation
 k - 2 potions of magic
 m - 3 potions of curing
 n - 4 potions of flight
 r - a potion of attraction
 z - 2 potions of haste
 A - 2 potions of berserk rage
 B - a potion of invisibility
 E - a potion of resistance


   Skills:
 * Level 10.1 Fighting
 - Level 2.4 Dodging
 - Level 2.4 Stealth
 + Level 11.3 Spellcasting
 - Level 1.1 Transmutations
 + Level 9.8 Earth Magic


You had 19 spell levels left.
You knew the following spells:

 Your Spells              Type           Power      Damage    Failure   Level
a - Sandblast             Erth           100%       2d20      1%          1
b - Stone Arrow           Conj/Erth      74%        3d11      9%          3
c - Lee's Rapid Deconstr  Erth           28%        3d16*     11%         5
d - Petrify               Tmut/Erth      39%        N/A       24%         4

Your spell library contained the following spells:

 Spells                   Type           Power      Damage    Failure   Level
 Passwall                 Tmut/Erth      32%        N/A       3%          2
 Animate Skeleton         Necr           26%        N/A       22%         1
 Apportation              Tloc           26%        N/A       22%         1
 Corona                   Hex            14%        N/A       22%         1
 Summon Small Mammal      Summ           52%        N/A       22%         1


Dungeon Overview and Level Annotations

Branches:
Dungeon (10/15)            Temple (1/1) D:7
   Lair: D:8-11         Orc: D:9-12

Altars:
Ashenzari
Cheibriados
Dithmenos
Elyvilon
Fedhas
Gozag
Hepliaklqana
Kikubaaqudgha
Makhleb
Nemelex Xobeh
Okawaru
Qazlal
Ru
Sif Muna
Trog
Uskayaw
Vehumet
Wu Jian
Xom
Yredelemnul
Zin
The Shining One


Message History

Unknown command.
You hit the death yak.
The death yak is poisoned.
The death yak is heavily wounded.
The death yak closely misses you.
Casting: Lee's Rapid Deconstruction (dangerous; 12% risk of failure)
Confirm with . or Enter, or press ? or * to list all spells.
Aiming: Lee's Rapid Deconstruction (dangerous; 12% risk of failure)
Press: ? - help, Dir - move target A rock wall.
The wall shatters!
The blast of rock fragments hits the death yak!
The death yak is severely wounded.
The blast of rock fragments hits the death yak!!
The death yak is almost dead.
The blast of rock fragments hits the kobold brigand!!
You kill the kobold brigand!
Okawaru accepts your kill. The death yak gores you!!
Your magical contamination has completely faded away.
Unknown command.
Casting: Lee's Rapid Deconstruction (dangerous; 12% risk of failure)
Confirm with . or Enter, or press ? or * to list all spells.
Aiming: Lee's Rapid Deconstruction (dangerous; 12% risk of failure)
Press: ? - help, Dir - move target A rock wall.
The wall shatters!
The blast of rock fragments hits the death yak!
The death yak is almost dead.
The blast of rock fragments hits the death yak!!
You kill the death yak!
Okawaru is honoured by your kill.
The blast of rock fragments hits the kobold!!
You kill the kobold!
The death yak gores you!
* * * LOW HITPOINT WARNING * * *
Your Fighting skill increases to level 10!
You have reached level 11!
The death yak snorts and paws the ground.
The death yak gores you!!
You die...

######## #########
.......# #........
.......# #####........
.......#
#######..÷)).).....
....)..#
#####.@Y.K).###).......
.......####.....#######
#.....#..
.......'....#####
#†.YK.... .......######
#...<.... +#######
#...###K.. #.#.. #..
....... .. #######.# ..


You could see a death yak (very poisoned) and a kobold.

Vanquished Creatures
  A death yak (D:10)
  A two-headed ogre (D:9)
  Pikel (D:4)
  Joseph (D:8)
  Maggie (D:8)
  2 hornets
  Prince Ribbit (D:7)
  Grinder (D:3)
  2 water moccasins
  3 orc warriors
  2 sky beasts
  Duvessa (D:4)
  3 ice beasts
  5 ogres
  A centaur (D:9)
  A kobold brigand (D:10)
  3 phantoms
  Blork the orc (D:5)
  2 gnoll sergeants
  A wyvern zombie (D:6)
  2 bullfrogs
  Dowan (D:4)
  2 scorpions
  9 killer bees
  5 wights (D:9)
  3 electric eels (D:8)
  5 howler monkeys
  2 bullfrog zombies
  A quasit (D:9)
  4 hounds
  4 orc priests
  A bullfrog skeleton (D:6)
  A gnoll shaman (D:4)
  2 centaur skeletons
  4 iguanas
  Ijyb (D:3)
  2 hell rats (D:10)
  5 orc wizards
  6 worker ants
  A hound zombie (D:5)
  A hound skeleton (D:9)
  9 adders
  14 gnolls
  A howler monkey skeleton (D:7)
  A river rat (D:10)
  2 shadow imps
  A white imp (D:6)
  2 oozes
  6 worms
  2 adder skeletons
  3 dart slugs (D:2)
  4 leopard geckos
  21 orcs
  9 giant cockroaches
  2 goblins (D:3)
  6 hobgoblins
  21 jackals
  8 kobolds
  5 quokkas
  A ball python (D:2)
  6 bats
  4 frilled lizards
  6 rats
230 creatures vanquished.

Notes
Turn   | Place    | Note
-------+----------+-------------------------------------------
     0 | D:1      | Johnny the Deep Elf Earth Elementalist began the quest for
                  | the Orb.
     0 | D:1      | Reached XP level 1. HP: 10/10 MP: 6/6
   207 | D:1      | Reached XP level 2. HP: 16/16 MP: 6/8
   554 | D:1      | Reached skill level 1 in Fighting
  1569 | D:2      | Reached XP level 3. HP: 20/20 MP: 6/10
  2073 | D:2      | Reached XP level 4. HP: 25/26 MP: 9/11
  2397 | D:2      | Found a faded altar of an unknown god.
  2669 | D:3      | Reached skill level 4 in Spellcasting
  2673 | D:3      | Learned a level 3 spell: Stone Arrow
  2747 | D:3      | Noticed Ijyb
  2771 | D:3      | Killed Ijyb
  3064 | D:3      | Found an ornate altar of the Wu Jian Council.
  3297 | D:3      | Noticed Grinder
  3303 | D:3      | Killed Grinder
  3304 | D:3      | Reached skill level 5 in Spellcasting
  3304 | D:3      | Reached XP level 5. HP: 25/32 MP: 12/14
  3304 | D:3      | Reached XP level 6. HP: 29/37 MP: 12/15
  3487 | D:3      | Found a basalt altar of Yredelemnul.
  3833 | D:4      | Noticed Duvessa
  3836 | D:4      | Killed Duvessa
  3837 | D:4      | Reached skill level 5 in Earth Magic
  3837 | D:4      | Noticed Dowan
  3843 | D:4      | Killed Dowan
  3844 | D:4      | Reached XP level 7. HP: 17/43 MP: 17/17
  4517 | D:4      | Found a sacrificial altar of Ru.
  4634 | D:4      | Found a white marble altar of Elyvilon.
  4906 | D:5      | Entered Level 5 of the Dungeon
  4965 | D:5      | Reached skill level 6 in Spellcasting
  5033 | D:5      | Found a blossoming altar of Fedhas.
  5151 | D:5      | Reached skill level 5 in Fighting
  5202 | D:5      | Noticed Pikel
  5469 | D:4      | Killed Pikel
  5470 | D:4      | Reached skill level 7 in Spellcasting
  5470 | D:4      | Reached XP level 8. HP: 10/51 MP: 13/20
  5725 | D:5      | Noticed Blork the orc
  5798 | D:5      | Found a hazy altar of Hepliaklqana.
  5879 | D:5      | Killed Blork the orc
  6170 | D:5      | Found a shadowy altar of Dithmenos.
  6177 | D:5      | Reached skill level 8 in Spellcasting
  6697 | D:6      | Found a glowing silver altar of Zin.
  6746 | D:6      | Reached XP level 9. HP: 54/56 MP: 17/23
  6800 | D:6      | Identified the +2 robe of Jalocror {Str+6 Int-5}
  6934 | D:6      | HP: 2/56 [orc warrior/+0 battleaxe (17)]
  7245 | D:6      | Found a snail-covered altar of Cheibriados.
  7644 | D:6      | Found a sparkling altar of Nemelex Xobeh.
  7644 | D:6      | Found an opulent altar of Gozag.
  8223 | D:7      | Found a staircase to the Ecumenical Temple.
  8255 | D:7      | Reached skill level 9 in Spellcasting
  8267 | Temple   | Entered the Ecumenical Temple
  8761 | D:7      | Learned a level 4 spell: Petrify
  8767 | D:7      | Learned a level 5 spell: Lee's Rapid Deconstruction
  9028 | D:7      | Noticed Prince Ribbit
  9040 | D:7      | Killed Prince Ribbit
  9253 | D:8      | Noticed Maggie
  9263 | D:8      | Paralysed by a hornet for 2 turns
  9266 | D:8      | Killed Maggie
  9273 | D:8      | Reached XP level 10. HP: 22/65 MP: 3/25
  9871 | D:8      | Reached skill level 10 in Spellcasting
  9927 | D:8      | Found an iron altar of Okawaru.
  9927 | D:8      | Found a bloodstained altar of Trog.
  9938 | D:8      | Became a worshipper of Warmaster Okawaru
 10239 | D:8      | Noticed Joseph
 10428 | D:8      | Killed Joseph
 11269 | D:9      | Found a radiant altar of Vehumet.
 11314 | D:9      | Noticed a two-headed ogre
 11320 | D:9      | Killed a two-headed ogre
 11320 | D:9      | Reached * piety under Okawaru
 11326 | D:9      | Identified the amulet "Amowata" {Reflect rPois rF- Will+
                  | SH+5}
 11765 | D:9      | Reached ** piety under Okawaru
 11945 | D:9      | Reached skill level 11 in Spellcasting
 12256 | D:9      | Found an ancient bone altar of Kikubaaqudgha.
 12364 | D:10     | Entered Level 10 of the Dungeon
 12477 | D:10     | Noticed a death yak
 12478 | D:10     | Noticed a death yak
 12479 | D:10     | Noticed a death yak
 12707 | D:10     | Killed a death yak
 12708 | D:10     | Reached skill level 10 in Fighting
 12708 | D:10     | Reached XP level 11. HP: 17/72 MP: 11/28
 12708 | D:10     | Slain by a death yak

Illustrated notes

Levels and vault maps discovered:
D:1:      lemuel_arrival_rhombus, layout_basic
D:2:      layout_loops_cross, chequers_ecumenical_altar_grove,
          minmay_pentomino_t4
D:3:      minmay_spotlight, layout_basic, old_standard_altar,
          lemuel_crystal_altar, uniq_grinder, uniq_ijyb
D:4:      layout_loops_ring, kennysheep_mini, kennysheep_little_box,
          amcnicky_mini_corridor_feature, uniq_duvessa
D:5:      cheibrodos_helix_gallery, layout_cave_pools, fedhas_ov_isle_minmay,
          basic_altar, nicolae_dithmenos_shadow_blocks, uniq_blork_the_orc,
          uniq_pikel
D:6:      layout_loops_ring, grunt_temple_overflow_opulence, zin_academy,
          marbit_many_paths
D:7:      layout_basic, minmay_temple_entry_glass, uniq_prince_ribbit1
D:8:      layout_basic, grunt_temple_overflow_bloody_war, minivault_14,
          uniq_joseph, uniq_maggie
D:9:      layout_roguey, fiery_altar_vehumet, basic_altar
D:10:     layout_roguey, dpeg_lair_monsters, erik_orc_3, chequers_jeans,
          uniq_josephine
Temple:   compressed_dpeg_circular_temple

Skill      XL: |  1  2  3  4  5  6  7  8  9 10 |
---------------+-------------------------------+-----
Fighting       | 1 2 3 4 5 6 8 10 | 10.1
Earth Magic    | 4 5 6 7 8 9 |  9.8
Spellcasting   | 5 7 8 9 11 | 11.3
Dodging        | |  2.4
Stealth        | |  2.4
Transmutations | |  1.1

Action                   |  1- 3 |  4- 6 |  7- 9 | 10-12 || total
-------------------------+-------+-------+-------+-------++-------
Melee: Unarmed           |    19 |     2 |       |       ||    21
       Flail             |       |    16 |       |       ||    16
       Rapier            |       |       |   139 |    81 ||   220
 Cast: Sandblast         |    54 |    46 |    25 |    41 ||   166
       Stone Arrow       |       |       |    84 |    47 ||   131
       Lee's Rapid Decon |       |       |     4 |     3 ||     7
Evoke: Wand              |       |    10 |     6 |     7 ||    23
  Use: Scroll            |       |     5 |     8 |     5 ||    18
       Potion            |       |     1 |     1 |       ||     2
 Stab: Sleeping          |       |     1 |     5 |     2 ||     8
Armor: Robe              |     9 |    10 |    30 |     2 ||    51
       Skin              |       |     7 |       |       ||     7
       Swamp dragon scal |       |       |       |    80 ||    80
Dodge: Dodged            |    26 |    32 |   135 |    94 ||   287

Table legend: (Time is in decaauts)
 A = Elapsed time spent in this place.
 B = Non-inter-level travel time spent in this place.
 C = Inter-level travel time spent in this place.
 D = Time resting spent in this place.
 E = Time spent auto-exploring this place.
 F = Levels seen in this place.
 G = Mean time per level.
                   A        B        C        D        E       F      G
               +--------+--------+--------+--------+--------+-----+--------+
         Total |  12767 |  12416 |    351 |   2732 |   8045 |  11 | 1160.6 |
       Dungeon |  12637 |  12300 |    337 |   2732 |   7931 |  10 | 1263.7 |
        Temple |    129 |    115 |     14 |      0 |    114 |   1 |  129.0 |
               +--------+--------+--------+--------+--------+-----+--------+

Top non-repeatable levels by time:
     D:6: 1709 daAuts
     D:8: 1698 daAuts
     D:4: 1552 daAuts
     D:7: 1421 daAuts
     D:3: 1401 daAuts
     D:1: 1246 daAuts
     D:2: 1217 daAuts
     D:9: 1107 daAuts
     D:5: 938 daAuts
    D:10: 345 daAuts
  Temple: 129 daAuts
